Map: Year Zero LE

Players

NaTerran

  • Race: Terran Terran
  • League: Master
  • Spawn Location: 1:00

IIIIIIIIIII (Lambo) - Winner!

  • Race: Zerg Zerg
  • Spawn Location: 11:00

VOD

Have the link to the VOD?

Description

Time

  • Played on: Jan. 23, 2019, 4:42 p.m.
  • Length: 12:03
Show
View Real Time Build Order
Export as new Build Order

NaTerran Terran 

Build Orders: Hellion Opening, Reaper Expand, Mech 

Get SALT Encoding   

  12  0:00  SCV  
  13  0:13  SCV  
  14  0:18  Supply Depot  
  14  0:25  SCV  
  15  0:39  SCV  
  15  0:42  Barracks  
  16  0:46  Refinery  
  16  0:52  SCV  
  17  1:04  SCV  
  18  1:16  SCV  
  19  1:30  Orbital Command, Reaper  
  20  1:42  Command Center  
  20  1:53  Supply Depot  
  20  1:55  SCV  
  21  2:01  Marine  
  21  2:07  SCV  
  23  2:10  Factory  
  23  2:16  Refinery  
  24  2:23  Barracks Reactor  
  24  2:26  SCV  
  24  2:38  SCV  
  25  2:50  SCV  
  26  2:56  Orbital Command  
  26  2:57  Starport  
  26  3:02  SCV  
  26  3:05  Hellion x2  
  31  3:09  Marine  
  32  3:14  SCV  
  33  3:25  SCV  
  33  3:26  SCV  
  33  3:27  Hellion x2  
  39  3:29  Barracks Tech Lab  
  38  3:35  Supply Depot, Viking  
  38  3:38  SCV x2  
  42  3:49  Hellion  
  42  3:50  Hellion  
  46  3:56  SCV x2  
  46  3:57  Supply Depot  
  48  4:06  Supply Depot  
  48  4:08  Liberator  
  48  4:09  SCV x2  
  50  4:10  Armory  
  51  4:21  SCV  
  51  4:22  SCV  
  55  4:28  Supply Depot  
  55  4:29  Hellion  
  55  4:30  Hellion  
  59  4:34  SCV x2  
  61  4:40  Supply Depot  
  61  4:46  SCV x2  
  61  4:51  Hellion x2  
  67  4:58  SCV x2  
  69  5:04  Command Center  
  69  5:07  Refinery  
  69  5:08  Refinery  
  69  5:13  Hellion x2  
  71  5:19  SCV  
  71  5:20  Armory, SCV  
  73  5:22  Armory  
  73  5:30  Hellion  
  73  5:31  SCV  
  73  5:32  SCV  
  59  5:43  SCV  
  59  5:44  SCV  
  59  5:45  Barracks Tech Lab, Starport Reactor  
  59  5:48  Factory  
  59  5:49  Hellion  
  61  5:51  Factory  
  61  5:56  Supply Depot, SCV  
  61  5:57  SCV  
  63  6:10  SCV x2  
  65  6:12  Terran Vehicle Weapons Level 1  
  65  6:13  Terran Vehicle And Ship Armor Level 1  
  65  6:17  Hellion x2, Orbital Command  
  69  6:19  Supply Depot  
  69  6:21  Refinery x2  
  69  6:26  SCV  
  69  6:27  SCV  
  71  6:38  SCV  
  71  6:39  Thor, SCV  
  79  6:44  SCV  
  80  6:53  Thor  
  86  6:56  SCV x3  
  89  7:01  Supply Depot  
  89  7:02  Medivac x2  
  89  7:08  SCV x3  
  96  7:14  Barracks Reactor  
  96  7:16  Factory x2  
  96  7:20  Hellion x2, SCV x3  
  103  7:32  SCV x2  
  103  7:33  Supply Depot  
  103  7:34  SCV  
  103  7:35  Supply Depot  
  106  7:39  Siege Tank x2  
  112  7:46  Hellion x2, Thor x2  
  112  7:48  Infernal Pre-Igniter  
  113  7:56  Supply Depot x2  
  113  7:57  Viking x2  
  115  8:05  Factory Tech Lab, Factory Reactor  
  113  8:09  Hellion x2  
  113  8:11  Terran Vehicle Weapons Level 2  
  115  8:19  Terran Vehicle And Ship Armor Level 2  
  104  8:34  Thor  
  104  8:35  Thor  
  104  8:37  Hellion x4  
  104  8:39  Thor  
  104  8:40  Engineering Bay  
  125  8:44  Viking  
  121  8:52  Viking  
  121  8:55  Supply Depot  
  123  8:56  Supply Depot  
  123  8:58  Hellion x2  
  123  8:59  Hellion x2  
  131  9:09  Command Center  
  131  9:15  Missile Turret  
  131  9:16  Missile Turret  
  130  9:17  Missile Turret x2  
  128  9:29  Thor x2  
  137  9:36  Thor  
  137  9:37  Hellion x2  
  139  9:48  SCV x3  
  122  9:57  Hellion x2, Viking x2  
  130  10:00  SCV  
  130  10:05  Hellion x2  
  125  10:09  SCV  
  125  10:12  Hellion  
  115  10:14  Thor  
  115  10:18  Hellion, SCV  
  115  10:19  Thor, SCV  
  123  10:24  SCV  
  114  10:30  SCV  
  114  10:31  SCV  
  116  10:36  Missile Turret  
  116  10:37  SCV  
  116  10:42  SCV  
  118  10:43  Hellion x2, SCV  
  118  10:44  Hellion x2  
  118  10:48  Thor  
  131  10:51  SCV  
  131  10:55  SCV  
  131  10:56  SCV  
  132  11:03  SCV  
  133  11:07  SCV  
  133  11:08  Thor  
  130  11:24  Hellion x3  
  130  11:25  Hellion x2  
Show
View Real Time Build Order
Export as new Build Order

IIIIIIIIIII Zerg - Winner!

Build Orders: Hatch First, Brood Lord Corruptor, Muta Ling Bane 

Get SALT Encoding   

  12  0:00  Drone  
  13  0:14  Overlord  
  13  0:17  Drone  
  14  0:33  Drone x2  
  16  0:49  Hatchery  
  15  0:52  Drone  
  15  0:57  Drone  
  17  1:00  Drone  
  18  1:11  Extractor  
  18  1:15  Spawning Pool  
  16  1:20  Drone  
  16  1:22  Drone  
  18  1:31  Drone  
  19  1:43  Drone  
  20  1:54  Overlord  
  20  2:02  Queen x2  
  20  2:03  Zergling x4  
  26  2:11  Drone  
  26  2:12  Drone  
  26  2:14  Metabolic Boost  
  28  2:23  Drone x2  
  29  2:42  Drone  
  30  2:46  Hatchery  
  30  2:50  Pneumatized Carapace  
  29  2:52  Drone  
  29  2:55  Drone  
  29  2:57  Drone  
  32  3:01  Overlord  
  32  3:06  Drone x2  
  32  3:10  Drone  
  35  3:14  Drone  
  36  3:25  Drone x2  
  36  3:26  Drone, Queen  
  39  3:30  Overlord  
  39  3:33  Drone  
  42  3:36  Queen  
  44  3:49  Drone x4  
  48  3:59  Queen  
  48  4:00  Zergling x10  
  55  4:07  Queen  
  55  4:09  Overlord  
  57  4:13  Overlord  
  57  4:14  Drone, Baneling Nest  
  57  4:18  Overlord  
  57  4:27  Overlord  
  57  4:29  Overlord x2  
  57  4:30  Drone  
  58  4:31  Lair  
  58  4:36  Overlord  
  58  4:37  Drone  
  59  4:41  Drone x2  
  59  4:42  Drone x2  
  59  4:45  Drone  
  64  4:49  Drone x3  
  67  4:53  Extractor  
  67  4:54  Extractor  
  67  4:55  Drone x3  
  67  4:57  Drone  
  67  4:58  Drone  
  70  5:03  Drone x4  
  74  5:14  Baneling x6, Zergling x2  
  74  5:15  Zergling x4  
  74  5:18  Queen, Spore Crawler  
  78  5:26  Drone x7  
  85  5:32  Drone x5  
  83  5:36  Drone  
  83  5:42  Extractor  
  83  5:43  Extractor  
  83  5:44  Drone x2  
  83  5:47  Drone x2  
  86  5:52  Drone x3, Extractor  
  86  5:53  Drone x2  
  86  5:54  Queen  
  92  6:03  Drone x2, Centrifical Hooks  
  94  6:06  Hatchery  
  94  6:07  Evolution Chamber  
  94  6:10  Evolution Chamber  
  91  6:14  Spire  
  90  6:18  Overlord  
  90  6:19  Overlord x2  
  90  6:20  Overlord  
  90  6:21  Zergling x2  
  91  6:25  Zergling x2  
  91  6:26  Zergling x6  
  95  6:34  Overlord  
  95  6:37  Zerg Melee Weapons Level 1, Zerg Ground Armor Level 1  
  94  6:40  Overlord  
  94  6:41  Zergling x12  
  100  6:47  Overlord  
  100  6:50  Zergling x2  
  100  6:51  Infestation Pit  
  100  6:53  Baneling x5  
  100  6:58  Drone x8  
  108  7:06  Overlord  
  108  7:19  Overlord  
  108  7:29  Overlord, Hive  
  107  7:30  Mutalisk x6  
  107  7:33  Extractor  
  107  7:34  Overseer, Extractor  
  107  7:36  Overlord  
  117  7:37  Overlord  
  117  7:44  Mutalisk x2  
  117  7:49  Zergling x16  
  128  7:59  Hydralisk Den  
  128  8:01  Mutalisk  
  128  8:02  Overlord  
  128  8:03  Overlord  
  128  8:05  Zergling x12  
  130  8:12  Zergling x14  
  131  8:16  Drone x2  
  132  8:22  Overlord  
  127  8:28  Hatchery  
  123  8:38  Mutalisk  
  123  8:39  Mutalisk x7  
  135  8:44  Greater Spire  
  131  8:49  Zerg Melee Weapons Level 2  
  131  8:52  Drone x5  
  136  8:59  Adrenal Glands  
  136  9:01  Drone x3  
  136  9:02  Drone  
  140  9:07  Zerg Ground Armor Level 2  
  138  9:26  Zergling x30  
  142  9:47  Zergling x18  
  142  9:52  Corruptor x5  
  136  9:59  Zergling x8  
  146  10:06  Corruptor  
  146  10:07  Corruptor x3  
  142  10:13  Zergling x16  
  142  10:31  Brood Lord x4  
  142  10:32  Brood Lord  
  146  10:40  Brood Lord x2  
  146  10:42  Zergling x12  
  153  10:49  Extractor  
  152  10:50  Corruptor x2  
  152  10:51  Extractor  
  155  11:01  Zergling x24  
  154  11:11  Zergling x18  
  154  11:17  Zergling x14  
  157  11:22  Baneling x8  
  157  11:23  Hydralisk  
  151  11:28  Overlord  
  151  11:32  Hydralisk x3  
Tags
 
Add a new tag
Caveats
  • Supply blocks, unpowered buildings, or Contaminate may cause inaccurate times.
  • Supply counts are checked every 10 seconds.